cohdb
Replays
Latest Replays
All Replays
Popular Replays
Top Player Replays
Match Explorer
How It Works
Community
CoH3 Stats
Reddit
Sign in to upload your games and track your stats! →
Sign in with Steam
Match 40319176
Unlisted
Match 40319176
Overview
Messages
Build Orders
End
Kettenkrad Recon Vehicle
Selects Terror Battlegroup
Construct Infanterie Kompanie
MG 42 Machine Gun Team
Selects Machine Gun Camouflage
MG 42 Machine Gun Team
Construct Panzergrenadier Kompanie
Selects Contempt for the Weak
Panzergrenadier Squad
Panzergrenadier Squad
Panzergrenadier Squad
Panzergrenadier Officer Quarters
Medical Station
Pak 40 Anti-tank Gun Team
GrW 34 Mortar Team
Pioneer Squad
Construct Panzer Kompanie
Selects No Quarter
Panzer IV Medium Tank
Side Skirts
Pak 40 Anti-tank Gun Team
Selects Propaganda Leaflet Drop
Panzer IV Medium Tank
Propaganda Leaflet Drop
Panzer IV Medium Tank
Panzer Officer Quarters
Selects V1 Rocket Strike
Disarmed
Unsafe
A Quick Workaround
Vakileo
「𝓞𝓓𝓢𝓣」剑钟仙
CoNnEcT FoUr!!!
azur
Monkey CPU
0
0
Comments
sign in to comment!
No comments posted yet!